 Dungeon Crawl Stone Soup version 0.29.1-12-g30fa7ad0bf (webtiles) character file.

Game seed: 15204024635009858263

7 eli5225 the Conjurer (level 1, 0/14 HPs)
             Began as a Draconian Conjurer on Jan 1, 2023.
             Slain by a goblin
             ... wielding a +0 dagger
              (1 damage)
             ... on level 1 of the Dungeon.
             The game lasted 00:04:01 (191 turns).

eli5225 the Conjurer (Draconian Conjurer)            Turns: 191, Time: 00:04:01

Health: 0/14       AC:  4    Str:  9    XL:     1   Next: 91%
Magic:  3/3        EV: 12    Int: 18    God:
Gold:   0          SH:  0    Dex:  9    Spells: 3/4 levels left

rFire   . . .      SeeInvis .   (no weapon)
rCold   . . .      Faith    .   (no shield)
rNeg    . . .      Spirit   .   (body armour unavailable)
rPois   .          Reflect  .   (helmet restricted)
rElec   .          Harm     .   (no cloak)
rCorr   .          Rampage  .   (no gloves)
Will    .....                   (no boots)
Stlth   ++........              (no amulet)
HPRegen 0.04/turn               (no ring)
MPRegen 0.08/turn               (no ring)

@: no status effects
A: AC +4, unfitting armour, cold-blooded
a: no special abilities


You were on level 1 of the Dungeon.
You visited 1 branch of the dungeon, and saw 1 of its levels.

Inventory:

Potions
 a - a potion of magic
 b - a potion of curing {unknown}


   Skills:
 + Level 1.8 Dodging
 + Level 1.8 Stealth
 + Level 2.0 Spellcasting
 + Level 4.3 Conjurations


You had 3 spell levels left.
You knew the following spells:

 Your Spells              Type           Power      Damage    Failure   Level
a - Magic Dart            Conj           68%        1d6       3%          1

Your spell library contained the following spells:

 Spells                   Type           Power      Damage    Failure   Level
 Searing Ray              Conj           34%        2d5       4%          2
 Dazzling Flash           Conj/Hex       18%        N/A       22%         3
 Fulminant Prism          Conj/Hex       4%         3d6       58%         4
 Iskenderun's Mystic Bla  Conj/Tloc      9%         2d4       58%         4


Dungeon Overview and Level Annotations

Branches:
Dungeon (1/15)

Altars:


Innate Abilities, Weirdness & Mutations

Your plain brown scales are hard. (AC +4)
You cannot fit into any form of body armour.
You are cold-blooded and may be slowed by cold attacks.


Message History

You hit the jackal but do no damage.
Your tail-slap misses the jackal.
The jackal is moderately wounded.
The jackal completely misses you. The goblin hits you but does no damage.
You hit the jackal.
The jackal is severely wounded.
The jackal barely misses you. The goblin hits you but does no damage.
The jackal misses you.
You hit the jackal but do no damage.
The jackal is severely wounded.
The jackal barely misses you. The goblin hits you but does no damage.
You hit the jackal.
The jackal is almost dead.
The jackal barely misses you. The goblin hits you but does no damage.
The jackal bites you but does no damage.
You barely miss the jackal.
The jackal is severely wounded.
The jackal closely misses you. The goblin barely misses you.
You hit the jackal but do no damage.
The jackal is heavily wounded.
The jackal barely misses you. The goblin hits you but does no damage.
You hit the jackal but do no damage.
Your tail-slap misses the jackal.
The jackal is heavily wounded.
The jackal barely misses you. The goblin closely misses you.
The jackal closely misses you.
You hit the jackal but do no damage.
The jackal is heavily wounded.
The jackal barely misses you. The goblin closely misses you.
You hit the jackal but do no damage.
The jackal is heavily wounded.
The jackal completely misses you. The goblin barely misses you.
The jackal bites you.
* * * LOW HITPOINT WARNING * * *
You barely miss the jackal.
The jackal is heavily wounded.
The jackal bites you but does no damage.
The goblin closely misses you.
You barely miss the jackal.
The jackal is heavily wounded.
The jackal closely misses you. The goblin hits you with a +0 dagger.
You die...

####.####
#.###...)....
#........#### ##
######....#
.###..........# #.#.
########.# #..# #.#
.## #..# #.#
....####@.##### #.#
.....hhgh.....######.#
......##[............#
...........##.########
......###..##.# .....
#..##.# ..>. #..##.#
.#. ...##.# ..
...###.#


You could see 3 jackals and a goblin.

Vanquished Creatures
  An endoplasm (D:1)
  A goblin (D:1)
  2 jackals (D:1)
  2 kobolds (D:1)
6 creatures vanquished.

Notes
Turn   | Place    | Note
-------+----------+-------------------------------------------
     0 | D:1      | eli5225 the Draconian Conjurer began the quest for the Orb.
     0 | D:1      | Reached XP level 1. HP: 14/14 MP: 3/3
    12 | D:1      | Found a faded altar of an unknown god.
   191 | D:1      | Slain by a goblin

Illustrated notes

Levels and vault maps discovered:
D:1:      sevenhm_arrival_forest_fort_small_4, layout_loops_ring,
          nicolae_ecumenical_lake_church

Action                   || total
-------------------------++-------
Melee: Unarmed           ||    22
       Mace              ||    17
       Tailslap          ||     2
 Cast: Magic Dart        ||     1
 Stab: Sleeping          ||     1
Armor: Skin              ||    25
Dodge: Dodged            ||    40
